 Dungeon Crawl Stone Soup version 0.25-a0-185-g6cfeca75b2 (webtiles) character file.

Game seed: 10611439420489916281, levelgen mode: deterministic

333 MisterFreud the Ducker (level 6, -6/28 HPs)
             Began as a Felid Artificer on Nov 27, 2019.
             Was a Follower of Uskayaw.
             Mangled by Menkaure (21 damage)
             ... on level 5 of the Dungeon.
             The game lasted 00:20:32 (11360 turns).

MisterFreud the Ducker (Felid Artificer)           Turns: 11360, Time: 00:20:33

Health: -6/28      AC:  2    Str:  8    XL:     6   Next: 27%
Magic:  10/10      EV: 21    Int: 14    God:    Uskayaw [*.....]
Gold:   128        SH:  0    Dex: 17    Spells: 5/8 levels left
                                        Lives:  0   Deaths: 2

rFire    . . .     SeeInvis +     - Unarmed
rCold    . . .     Gourm    .   (shield unavailable)
rNeg     . . .     Faith    .   (armour unavailable)
rPois    .         Spirit   .   (helmet unavailable)
rElec    .         Reflect  .   (cloak unavailable)
rCorr    .         Harm     .   (gloves unavailable)
MR       .....                  (boots unavailable)
Stlth    +++.......             i - amulet of magic regeneration
HPRegen  0.09/turn              q - ring of flight
MPRegen  0.37/turn              (no ring)

@: quick
A: very small, no armour, no weapons or thrown items, stealth, claws 1, fangs 3,
see invisible, carnivore, speed 1, shaggy fur 2, slow metabolism 1, sharp paws
a: Stomp, Renounce Religion, Evoke Flight


You were on level 5 of the Dungeon.
You worshipped Uskayaw.
Uskayaw was noncommittal.
You were full.

You visited 2 branches of the dungeon, and saw 6 of its levels.

You collected 128 gold pieces.

Inventory:

Jewellery
 f - an uncursed ring of fire
 i - an amulet of magic regeneration (around neck)
 q - a ring of flight (left paw)
Wands
 a - a wand of random effects (8)
 b - a wand of enslavement (15)
Scrolls
 j - 3 scrolls of magic mapping
 o - a scroll of amnesia
 p - a scroll of remove curse
Potions
 e - 2 potions of agility
 g - 2 potions of might
 h - a potion of curing {unknown}
 k - a potion of resistance {unknown}
 l - a potion of brilliance {unknown}
 m - a potion of flight {unknown}
 n - a potion of ambrosia {unknown}
 r - 2 potions of haste {unknown}
Comestibles
 d - 7 rations


   Skills:
 - Level 4.0 Fighting
 - Level 6.0 Dodging
 - Level 3.0 Stealth
 - Level 3.2 Unarmed Combat
 + Level 1.5 Spellcasting
 + Level 2.1 Charms
 + Level 1.4 Ice Magic
 + Level 4.7 Invocations
 - Level 3.2 Evocations


You had 5 spell levels left.
You knew the following spells:

 Your Spells              Type           Power        Failure   Level  Hunger
a - Ozocubu's Armour      Chrm/Ice       #.......     34%         3    ####...

Your spell library contained the following spells:

 Spells                   Type           Power        Failure   Level  Hunger
 Freeze                   Ice            #...         14%         1    ##.....
 Throw Frost              Conj/Ice       #.....       28%         2    ###....
 Summon Ice Beast         Ice/Summ       #.......     88%         4    #####..
 Throw Icicle             Conj/Ice       #.......     88%         4    #####..


Dungeon Overview and Level Annotations

Branches:
Dungeon (5/15)             Temple (1/1) D:4

Altars:
Ashenzari
Cheibriados
Dithmenos
Elyvilon
Fedhas
Gozag
Hepliaklqana
Kikubaaqudgha
Makhleb
Okawaru
Qazlal
Ru
Sif Muna
Trog
Uskayaw
Vehumet
Wu Jian
Yredelemnul
Zin
The Shining One

Annotations:
D:5 Menkaure


Innate Abilities, Weirdness & Mutations

You cannot wear armour.
You are incapable of wielding weapons or throwing items.
Your paws allow you to move quietly. (Stealth)
You have sharp claws.
You have razor-sharp teeth.
You have supernaturally acute eyesight. (SInv)
You are carnivorous and can eat meat at any time.
You cover ground quickly.
You are covered in thick fur. (AC +2)
You have a slow metabolism.
Your sharp claws are effective at attacking unaware monsters.


Message History

The adder skeleton misses you.
Menkaure shouts!
You scratch the adder skeleton. You bite the adder skeleton.
The adder skeleton is moderately damaged.
You scratch the adder skeleton.
The adder skeleton is heavily damaged.
The adder skeleton misses you.
You scratch the adder skeleton.
The adder skeleton is almost destroyed.
The adder skeleton misses you.
You scratch the adder skeleton.
You destroy the adder skeleton!
Menkaure blazes with dark energy!
Menkaure calls on the powers of darkness!
Your body is wracked with pain!
You barely miss Menkaure.
Menkaure is almost destroyed.
Menkaure hits you!!
Ouch! That really hurt!
You die...

### .# ..# ####### .# #.####
#.....# .# #....# #####.....# .#
M ..##.# #.........# .###...
.))<.########.........###M......
............†..(.......)w.......
...#.########.......#####.###...
)....# #...@M..# .#
.############.......# .#
.......)............'... ..
.##########...#######... ## .#
#...# ## .# ######## '## #....#
..######....######
..'..........††..+


You could see Menkaure.

Vanquished Creatures
  Duvessa (D:5)
  An ogre (D:4)
  A bullfrog (D:3)
  Dowan (D:5)
  A howler monkey (D:4)
  A hound (D:5)
  7 orc priests
  2 orc wizards
  2 worker ants (D:4)
  11 gnolls
  6 adders
  An ooze (D:2)
  An adder skeleton (D:5)
  2 adder zombies (D:5)
  6 worms
  3 dart slugs
  2 leopard geckos
  13 orcs
  3 ball pythons
  6 giant cockroaches
  9 goblins
  2 hobgoblins
  17 jackals
  10 kobolds
  3 quokkas
  6 bats
  3 frilled lizards
  A giant cockroach zombie (D:5)
  A jackal skeleton (D:5)
  2 quokka skeletons
  9 rats
134 creatures vanquished.

Notes
Turn   | Place    | Note
-------+----------+-------------------------------------------
     0 | D:1      | MisterFreud the Felid Artificer began the quest for the
                  | Orb.
     0 | D:1      | Reached XP level 1. HP: 9/9 MP: 4/4
   378 | D:1      | Reached XP level 2. HP: 12/13 MP: 5/5
  1397 | D:2      | Reached XP level 3. HP: 15/17 MP: 6/6
  2476 | D:2      | Found a blossoming altar of Fedhas.
  3298 | D:2      | Reached XP level 4. HP: 20/22 MP: 7/7
  4751 | D:3      | Reached skill level 3 in Dodging
  5254 | D:2      | Reached XP level 5. HP: 9/25 MP: 8/8
  5742 | D:3      | HP: 1/25 [orc priest (4)]
  5746 | D:3      | Reached skill level 4 in Dodging
  6306 | D:3      | Gained mutation: You are covered in thick fur. (AC +2)
                  | [Felid growth]
  6306 | D:3      | Reached XP level 6. HP: 17/28 MP: 9/9
  6515 | D:3      | Reached skill level 5 in Dodging
  6738 | D:3      | You fall into a shaft and drop 2 floors!
  6738 | D:5      | Entered Level 5 of the Dungeon
  7094 | D:4      | Found a staircase to the Ecumenical Temple.
  7120 | Temple   | Entered the Ecumenical Temple
  7208 | Temple   | Became a worshipper of Uskayaw the Reveler
  7247 | D:4      | Reached * piety under Uskayaw
  7250 | D:4      | Reached ** piety under Uskayaw
  7783 | D:5      | Reached skill level 6 in Dodging
  7855 | D:5      | Reached skill level 1 in Invocations
  8574 | D:4      | Reached XP level 7. HP: 32/32 MP: 10/10
  8703 | D:4      | Found an ornate altar of the Wu Jian Council.
  8732 | D:4      | Reached *** piety under Uskayaw
  9273 | D:4      | Learned a level 3 spell: Ozocubu's Armour
  9613 | D:5      | HP: 1/32 [gnoll/+0 halberd (13)]
  9614 | D:5      | Mangled by a gnoll
  9615 | D:5      | Reached XP level 6. HP: -6/28 MP: 10/10
 10091 | D:5      | Noticed Duvessa
 10091 | D:5      | Noticed Menkaure
 10516 | D:4      | Reached skill level 1 in Charms
 11278 | D:5      | Killed Duvessa
 11278 | D:5      | Reached skill level 1 in Spellcasting
 11278 | D:5      | Reached skill level 1 in Ice Magic
 11278 | D:5      | Reached XP level 7. HP: 32/32 MP: 11/11
 11283 | D:5      | Noticed Dowan
 11286 | D:5      | Reached **** piety under Uskayaw
 11288 | D:5      | Killed Dowan
 11294 | D:5      | Reached ***** piety under Uskayaw
 11324 | D:5      | Mangled by Menkaure
 11325 | D:5      | Reached XP level 6. HP: -8/28 MP: 10/10
 11360 | D:5      | Mangled by Menkaure

Levels and vault maps discovered:
D:1:      lightli_arrival_maybe_door_vault, layout_basic, minivault_26
D:2:      layout_basic, nicolae_overflow_crystal_walls, minmay_quantized
D:3:      wander_river, layout_rooms, kennysheep_generic_room_3
D:4:      layout_gridville, kennysheep_little_box, minmay_temple_entry_mist,
          first_ration
D:5:      layout_basic, uniq_edmund, uniq_menkaure, uniq_duvessa
Temple:   hc_temple_tempest_star

Skill      XL: |  1  2  3  4  5  6  7 |
---------------+----------------------+-----
Fighting       | 2 3 4 |  4.0
Stealth        | 2 3 |  3.0
Dodging        | 3 4 6 |  6.0
Unarmed Combat | 2 3 |  3.2
Invocations    | 2 4 |  4.7
Charms         | 1 2 |  2.1
Spellcasting   | 1 |  1.5
Ice Magic      | 1 |  1.4
Evocations     | |  3.2

Action                   |  1- 3 |  4- 6 |  7- 9 || total
-------------------------+-------+-------+-------++-------
Melee: Unarmed           |   179 |   370 |    88 ||   637
       Bite              |    11 |    41 |     9 ||    61
       Punch             |     1 |     6 |     1 ||     8
Evoke: Wand              |     1 |    25 |     4 ||    30
  Use: Scroll            |     5 |     6 |       ||    11
       Potion            |       |     4 |       ||     4
 Stab: Sleeping          |     7 |     5 |       ||    12
       Confused          |     1 |     1 |     1 ||     3
       Paralysed         |       |       |     5 ||     5
  Eat: Chunk             |    12 |    21 |     4 ||    37
Armor: Skin              |    10 |    14 |     4 ||    28
Dodge: Dodged            |   132 |   302 |    53 ||   487

Table legend:
 A = Non-vault XP
 B = Vault XP
 C = Vault XP percentage of total XP
 D = Non-vault monster count
 E = Vault monster count
 F = Vault count percentage of total count
                 A         B        C        D         E       F
            +---------+---------+-------+---------+---------+-------
      Total |    1195 |     244 |  17.0 |     130 |       4 |   3.0
            +---------+---------+-------+---------+---------+-------
        D:1 |      42 |       0 |   0.0 |      23 |       0 |   0.0
        D:2 |     185 |       9 |   4.6 |      39 |       2 |   4.9
        D:3 |     263 |       0 |   0.0 |      21 |       0 |   0.0
        D:4 |     517 |       0 |   0.0 |      28 |       0 |   0.0
        D:5 |     148 |     235 |  61.4 |      18 |       2 |  10.0
     Temple |      40 |       0 |   0.0 |       1 |       0 |   0.0
            +---------+---------+-------+---------+---------+-------
